 Dungeon Crawl Stone Soup version 0.27-a0-1359-ga2a4dfd6fd (webtiles) character file.

Game seed: 1761661449889499289

5977 robertstho the Protected (level 10, -1/94 HPs)
             Began as a Minotaur Berserker on June 28, 2021.
             Was an Elder of Trog.
             Shot with an arrow by a centaur warrior (6 damage)
             ... on level 9 of the Dungeon.
             The game lasted 00:10:08 (8108 turns).

robertstho the Protected (Minotaur Berserker)       Turns: 8108, Time: 00:10:11

Health: -1/94      AC: 18    Str: 30    XL:     10   Next: 55%
Magic:  9/9        EV:  9    Int:  5    God:    Trog [****..]
Gold:   385        SH:  0    Dex: 10    Spells: 9/9 levels left

rFire    . . .     SeeInvis .   F - +0 hand axe (vamp)
rCold    . . .     Faith    .   (no shield)
rNeg     . . .     Spirit   .   z - +0 plate armour
rPois    .         Reflect  .   (helmet restricted)
rElec    .         Harm     .   M - +0 cloak
rCorr    .         Rampage  .   (no gloves)
Will     .....                  l - +0 pair of boots
Stlth    ..........             (no amulet)
HPRegen  0.25/turn              I - +4 ring of slaying
MPRegen  0.11/turn              q - +6 ring of strength

@: on berserk cooldown
A: horns 2, retaliatory headbutt
a: Renounce Religion, Berserk, Trog's Hand, Brothers in Arms


You were on level 9 of the Dungeon.
You worshipped Trog.
Trog was greatly pleased with you.
You visited 2 branches of the dungeon, and saw 10 of its levels.

You collected 385 gold pieces.

Inventory:

Hand Weapons
 p - a +2 whip of electrocution
 y - a +4 dire flail of protection
 F - a +0 vampiric hand axe (weapon)
 J - a +2 hand axe of electrocution
Missiles
 v - 4 throwing nets
Armour
 l - a +0 pair of boots (worn)
 z - a +0 plate armour (worn)
 K - a +2 ring mail of fire resistance
 M - a +0 cloak (worn)
 O - a +1 ring mail of cold resistance
Jewellery
 c - a ring of protection from fire
 q - a +6 ring of strength (right hand)
 r - a ring of positive energy
 I - a +4 ring of slaying (left hand)
 N - a ring of ice
Wands
 d - a wand of paralysis (13)
 u - a wand of iceblast (7)
 w - a wand of mindburst (6)
 x - a wand of polymorph (6)
Scrolls
 a - 3 scrolls of brand weapon {unknown}
 b - a scroll of acquirement {unknown}
 f - 4 scrolls of teleportation
 i - 2 scrolls of enchant weapon
 j - 4 scrolls of amnesia {unknown}
 k - a scroll of enchant armour
 t - a scroll of magic mapping {unknown}
 A - 3 scrolls of silence {unknown}
 C - 4 scrolls of identify
 D - a scroll of noise {unknown}
 E - a scroll of summoning {unknown}
Potions
 e - 3 potions of attraction
 g - 2 potions of berserk rage {unknown}
 m - 2 potions of haste {unknown}
 n - 3 potions of cancellation
 o - 4 potions of curing {unknown}
 s - 4 potions of magic
 B - a potion of mutation {unknown}
 G - 2 potions of lignification {unknown}
 H - a potion of might {unknown}
 L - 2 potions of flight {unknown}


   Skills:
 * Level 10.6 Fighting
 + Level 11.1 Axes
 * Level 11.2 Armour
 + Level 5.2 Dodging


You had 9 spell levels left.
You didn't know any spells.
Your spell library was empty.

Dungeon Overview and Level Annotations

Branches:
Dungeon (9/15)             Temple (1/1) D:7            Lair (0/6) D:8
    Orc: D:9-12

Altars:
Kikubaaqudgha
Nemelex Xobeh
Uskayaw

Shops:
D:7 [

Annotations:
D:7 Great armour shop gauntlets of war


Innate Abilities, Weirdness & Mutations

You have a pair of horns on your head.
You reflexively headbutt those who attack you in melee.


Message History

Trog accepts your kill.
You hit the howler monkey zombie.
The howler monkey zombie is lightly damaged.
The howler monkey zombie barely misses you.
You furiously retaliate!
You headbutt the howler monkey zombie! You hit the howler monkey zombie.
The howler monkey zombie is severely damaged.
The howler monkey zombie barely misses you.
You furiously retaliate!
You headbutt the howler monkey zombie!
You destroy the howler monkey zombie!
Trog accepts your kill.
A centaur warrior comes into view.
The centaur warrior shouts!
The centaur warrior wields a +0 shortbow.
The centaur warrior shoots an arrow.
The arrow hits you.
A killer bee comes into view.
The centaur warrior shoots an arrow.
The arrow hits you.
The centaur warrior shoots an arrow.
The arrow hits you!
The centaur warrior shoots an arrow.
The arrow hits you!!
Things that are here:
a +0 shortbow; 17 arrows; a centaur corpse You fail to use your ability.
You fail to use your ability.
You fail to use your ability.
The centaur warrior shoots an arrow.
The arrow hits you.
Okay, then.
As you read the scroll of fog, it crumbles to dust.
The scroll dissolves into smoke.
The centaur warrior shoots an arrow.
The arrow barely misses you.
The centaur warrior shoots an arrow.
The arrow hits you!
* * * LOW HITPOINT WARNING * * *
Unknown command.
It was a potion of cancellation.
Your magical effects are unravelling.
You feel magically purged.
You feel yourself speed up.
The centaur warrior shoots an arrow.
The arrow hits you!
* * * LOW HITPOINT WARNING * * *
The centaur warrior shoots an arrow.
The arrow hits you.
You die...

....... ..............
....... ###.............
....... #.#.............
....... ##.##............
....... #$.$#........(...
.......###†###...........
.yc......c§.)......(.....
....#.###§#)###..).......
. # #@###.###.#.......
#§## #.#..#....... .§#
#..##.#..... #..
#..#..###... ...
#..#.##..... ###.
.#.#..#..... #
.##..........
###..........
#............


You could see a centaur warrior.

Vanquished Creatures
  2 two-headed ogres
  Pikel (D:5)
  A komodo dragon (D:8)
  A troll (D:9)
  A wyvern (D:9)
  A yak (D:9)
  Menkaure (D:5)
  A water moccasin (D:7)
  3 orc warriors
  2 ice beasts
  2 necrophages
  4 ogres
  6 centaurs
  4 lemures (D:5)
  A kobold brigand (D:8)
  Blork the orc (D:5)
  3 bullfrogs
  3 scorpions
  A wyvern zombie (D:9)
  A water moccasin zombie (D:3)
  3 killer bees (D:8)
  3 howler monkeys
  4 wights (D:8)
  A bullfrog zombie (D:6)
  3 centaur zombies (D:9)
  3 jellies
  2 gnoll shamans
  A hound (D:3)
  A bullfrog skeleton (D:5)
  4 orc priests
  5 orc wizards
  A killer bee zombie (D:8)
  A hound skeleton (D:5)
  A howler monkey zombie (D:9)
  7 gnolls
  7 adders
  A worm (D:2)
  A dart slug (D:3)
  21 orcs
  8 endoplasms
  4 giant cockroaches
  8 goblins
  3 hobgoblins
  A jackal (D:3)
  3 quokkas
  4 ball pythons
  9 bats
  3 frilled lizards
  5 kobolds
  3 rats
161 creatures vanquished.

Notes
Turn   | Place    | Note
-------+----------+-------------------------------------------
     0 | D:1      | robertstho the Minotaur Berserker began the quest for the
                  | Orb.
     0 | D:1      | Reached XP level 1. HP: 19/19 MP: 0/0
   602 | D:1      | Reached XP level 2. HP: 20/27 MP: 1/1
  1275 | D:2      | Reached ** piety under Trog
  1276 | D:2      | Reached XP level 3. HP: 34/34 MP: 2/2
  1853 | D:2      | Found a faded altar of an unknown god.
  2273 | D:3      | Reached skill level 5 in Fighting
  2273 | D:3      | Reached XP level 4. HP: 27/42 MP: 3/3
  2451 | D:3      | Reached XP level 5. HP: 29/48 MP: 4/4
  2822 | D:3      | Reached skill level 5 in Axes
  3294 | D:4      | Noticed an ogre
  3298 | D:4      | Killed an ogre
  3369 | D:4      | Noticed a centaur
  3373 | D:4      | Killed a centaur
  3374 | D:4      | Reached XP level 6. HP: 51/57 MP: 5/5
  4406 | D:5      | Entered Level 5 of the Dungeon
  4421 | D:5      | Noticed Blork the orc
  4429 | D:5      | Noticed Pikel
  4434 | D:5      | Killed Blork the orc
  4435 | D:5      | Reached XP level 7. HP: 64/64 MP: 6/6
  4447 | D:5      | Killed Pikel
  4448 | D:5      | Reached skill level 5 in Armour
  4448 | D:5      | Reached XP level 8. HP: 13/73 MP: 7/7
  4476 | D:5      | Noticed Menkaure
  4716 | D:5      | Killed Menkaure
  5139 | D:5      | You fall into a shaft and drop 3 floors!
  5227 | D:8      | Noticed a komodo dragon
  5239 | D:8      | Killed a komodo dragon
  5241 | D:8      | Reached skill level 5 in Dodging
  5370 | D:7      | Reached XP level 9. HP: 82/82 MP: 8/8
  5402 | D:7      | Found a staircase to the Ecumenical Temple.
  5405 | D:7      | Reached *** piety under Trog
  5415 | Temple   | Entered the Ecumenical Temple
  5488 | D:7      | Found Foska's Armour Shop.
  6842 | D:6      | Found the +3 sling "Punk" {acid, rCorr}
  7297 | D:8      | Found a staircase to the Lair.
  7332 | D:8      | Noticed a two-headed ogre
  7336 | D:8      | Reached skill level 10 in Armour
  7340 | D:8      | Killed a two-headed ogre
  7341 | D:8      | Reached skill level 10 in Fighting
  7341 | D:8      | Reached skill level 10 in Axes
  7341 | D:8      | Reached XP level 10. HP: 69/93 MP: 9/9
  8027 | D:9      | Found an ancient bone altar of Kikubaaqudgha.
  8028 | D:9      | Found a sparkling altar of Nemelex Xobeh.
  8029 | D:9      | Found a hide-covered altar of Uskayaw.
  8068 | D:9      | Reached **** piety under Trog
  8069 | D:9      | Noticed a two-headed ogre
  8087 | D:9      | Killed a two-headed ogre
  8100 | D:9      | Noticed a centaur warrior
  8108 | D:9      | Shot with an arrow by a centaur warrior

Illustrated notes

Levels and vault maps discovered:
D:1:      minmay_arrival_hallway, layout_rooms
D:2:      layout_loops_corners, dilly_ecumenical_altar_fadedgnrine,
          kennysheep_potato
D:3:      minmay_diamond_boxcup, layout_rooms, serial_glass, glass_columns_b,
          glass_columns_b, minmay_liquid_box
D:4:      layout_basic, corexii_item_surrounded_by_moat
D:5:      layout_rooms, uniq_menkaure, uniq_pikel, uniq_blork_the_orc
D:6:      layout_basic
D:7:      layout_cave_pools, minmay_temple_entry_stoned_glass, serial_shops,
          nicolae_diamond_shop
D:8:      layout_cave_pools, lair_entry_dummy
D:9:      minmay_the_grid_four_pointed_star_mashed
          [minmay_the_grid_triangle_9x9_windchime,
          minmay_the_grid_triangle_9x9_cache,
          minmay_the_grid_triangle_9x9_wacky_v,
          minmay_the_grid_triangle_9x9_corrupted_corridor,
          minmay_the_grid_prize_diamond_cup], layout_irregular_city,
          chequers_temple_overflow_statue_of_worship, kennysheep_cluttered_room,
          hangedman_minor_gate_pass
Temple:   dpeg_five_rooms_temple

Skill      XL: |  1  2  3  4  5  6  7  8  9 10 |
---------------+-------------------------------+-----
Fighting       | 4 5 6 7 8 10 | 10.6
Axes           | 4 5 6 7 8 10 11 | 11.1
Armour         | 3 4 5 8 10 11 | 11.2
Dodging        | 3 4 5 |  5.2

Action                   |  1- 3 |  4- 6 |  7- 9 | 10-12 || total
-------------------------+-------+-------+-------+-------++-------
Melee: Hand axe          |    79 |    94 |   168 |    43 ||   384
       Headbutt          |    12 |    17 |    46 |    15 ||    90
Invok: Berserk           |     3 |     4 |    10 |     1 ||    18
       Trog's Hand       |       |       |     1 |       ||     1
  Use: Scroll            |       |     5 |     3 |     1 ||     9
       Potion            |       |       |     1 |     1 ||     2
Armor: Animal skin       |    17 |    12 |       |       ||    29
       Scale mail        |       |    10 |    27 |       ||    37
       Plate armour      |       |       |    69 |    20 ||    89
Dodge: Dodged            |    63 |    39 |    78 |    20 ||   200

Table legend: (Time is in decaauts)
 A = Elapsed time spent in this place.
 B = Non-inter-level travel time spent in this place.
 C = Inter-level travel time spent in this place.
 D = Time resting spent in this place.
 E = Time spent auto-exploring this place.
 F = Levels seen in this place.
 G = Mean time per level.
                   A        B        C        D        E       F      G
               +--------+--------+--------+--------+--------+-----+--------+
         Total |   8265 |   8007 |    258 |   1388 |   5663 |  10 |  826.5 |
       Dungeon |   8214 |   7956 |    258 |   1339 |   5663 |   9 |  912.7 |
        Temple |     50 |     50 |      0 |     49 |      0 |   1 |   50.0 |
               +--------+--------+--------+--------+--------+-----+--------+

Top non-repeatable levels by time:
     D:4: 1603 daAuts
     D:1: 1273 daAuts
     D:2: 1180 daAuts
     D:3: 864 daAuts
     D:8: 822 daAuts
     D:6: 776 daAuts
     D:5: 700 daAuts
     D:7: 591 daAuts
     D:9: 401 daAuts
  Temple: 50 daAuts
